 Dungeon Crawl Stone Soup version 0.26-a0-812-g31a745ddcd (webtiles) character file.

Game seed: 9963247497057197154

212 Bapho the Firebug (level 5, -7/34 HPs)
             Began as an Octopode Fire Elementalist on Nov 14, 2020.
             Splashed by Ijyb's acid (11 damage)
             ... on level 3 of the Dungeon.
             The game lasted 00:09:05 (4029 turns).

Bapho the Firebug (Octopode Fire Elementalist)      Turns: 4029, Time: 00:09:08

Health: -7/34      AC:  1    Str:  8    XL:     5   Next: 90%
Magic:  3/9        EV: 14    Int: 18    God:
Gold:   109        SH:  0    Dex: 12    Spells: 1/9 levels left

rFire    . . .     SeeInvis .   d - +0 dagger
rCold    . . .     Faith    .   (no shield)
rNeg     . . .     Spirit   .   (helmet restricted)
rPois    .         Reflect  .   (no amulet)
rElec    .         Harm     .   j - ring of protection from magic
rCorr    .         Rampage  .   (no ring)
MR       +....                  (no ring)
Stlth    +++.......             (no ring)
HPRegen  0.11/turn              (no ring)
MPRegen  0.11/turn              (no ring)
                                (no ring)
                                (no ring)

@: very slightly contaminated
A: almost no armour, stealthy swim, amphibious, 8 rings, constrict 8, camouflage
1, gelatinous body 1
a: no special abilities


You were on level 3 of the Dungeon.
You visited 1 branch of the dungeon, and saw 3 of its levels.

You collected 109 gold pieces.

Inventory:

Hand Weapons
 d - a +0 dagger (weapon)
Missiles
 c - 124 stones (quivered)
Jewellery
 j - a ring of protection from magic (left tentacle)
Wands
 i - a wand of polymorph (14)
Scrolls
 a - a scroll of enchant weapon {unknown}
 f - a scroll of identify
 h - 2 scrolls of blinking
 l - a scroll of remove curse
Potions
 b - 2 potions of curing {unknown}
 e - 2 potions of flight
 g - a potion of berserk rage {unknown}
 k - a potion of magic
 o - a potion of heal wounds


   Skills:
 + Level 1.7 Fighting
 + Level 2.8 Dodging
 - Level 2.6 Stealth
 - Level 2.8 Spellcasting
 - Level 2.4 Conjurations
 - Level 4.5 Fire Magic


You had one spell level left.
You knew the following spells:

 Your Spells              Type           Power        Failure   Level
a - Foxfire               Conj/Fire      ###.         4%          1
b - Conjure Flame         Conj/Fire      ###.....     12%         3
c - Sticky Flame          Conj/Fire      ###.....     36%         4

Your spell library contained the following spells:

 Spells                   Type           Power        Failure   Level
 Inner Flame              Hex/Fire       ##......     21%         3
 Fireball                 Conj/Fire      ###.......   73%         5


Dungeon Overview and Level Annotations

Branches:
Dungeon (3/15)

Altars:
Ashenzari
Dithmenos

Annotations:
D:3 2 transporters, Ijyb; pentaxis93's ghost, amateur DrTm


Innate Abilities, Weirdness & Mutations

You cannot wear most types of armour.
You are very stealthy in the water. (Stealth+)
You are amphibious.
You can wear up to eight rings at the same time.
You can use your tentacles to constrict eight enemies at once.
Your skin changes colour to match your surroundings (Stealth+).
Your rubbery body absorbs attacks. (AC +1, EV +1)


Message History

Casting: Foxfire (safe; 4% risk of failure)
Confirm with . or Enter, or press ? or * to list all spells.
The spell is extremely dangerous to cast (36% risk of failure)!
Continue anyway?
Aiming: Sticky Flame (extremely dangerous; 36% risk of failure)
Press: ? - help, Shift-Dir - straight line, f - Ijyb
Aim: Ijyb, wearing a +0 leather armour and carrying a wand of acid (7) (moderately wounded, constricted by you)
You miscast Sticky Flame.
You are very lightly contaminated with residual magic.
A wave of violent energy washes through your body!
You constrict Ijyb. Ijyb hits you.
You hit Ijyb but do no damage.
Ijyb is moderately wounded.
You constrict Ijyb, but do no damage. Ijyb barely misses you.
You hit Ijyb.
Ijyb is moderately wounded.
You constrict Ijyb, but do no damage.
Ijyb zaps a wand.
The bolt of acid hits you!
* * * LOW HITPOINT WARNING * * *
You are splashed with acid!
You die...

#####...## ........##
###.......# (.........#
#.......# #....>#### ##
##.......) ....#######
##........
#....g@..#####..##≈≈≈≈≈
....###..........##≈≈≈≈≈
# #.#.#####..≈≈....≈
#.#.# #..≈≈..... #)#.#
#..≈≈..... >...#
#..≈≈..... .....
#..≈≈..... .....#
#..##≈≈≈≈≈ .#.#.# #.≈#
≈≈≈≈≈


You could see Ijyb.

Vanquished Creatures
  An orc priest (D:3)
  Natasha (twice) (D:2)
  Robin (D:3)
  2 adders (D:2)
  A river rat (D:3)
  An ooze (D:2)
  5 worms
  A leopard gecko (D:3)
  6 orcs (D:3)
  6 bats
  A giant cockroach (D:2)
  16 goblins
  6 hobgoblins
  2 jackals (D:3)
  8 kobolds
  3 ball pythons
  2 frilled lizards
  8 rats
72 creatures vanquished.

Vanquished Creatures (others)
  157 foxfires
157 creatures vanquished.

Grand Total: 229 creatures vanquished

Notes
Turn   | Place    | Note
-------+----------+-------------------------------------------
     0 | D:1      | Bapho the Octopode Fire Elementalist began the quest for
                  | the Orb.
     0 | D:1      | Reached XP level 1. HP: 11/11 MP: 3/3
   435 | D:1      | Reached XP level 2. HP: 17/17 MP: 1/5
  1134 | D:2      | Reached XP level 3. HP: 11/21 MP: 3/6
  2073 | D:2      | Learned a level 3 spell: Conjure Flame
  2113 | D:2      | Reached skill level 4 in Fire Magic
  2113 | D:2      | Reached XP level 4. HP: 26/27 MP: 4/7
  2119 | D:2      | Learned a level 4 spell: Sticky Flame
  2256 | D:3      | Found a transporter.
  2256 | D:3      | Found a transporter.
  2256 | D:3      | Noticed pentaxis93's ghost (amateur DrTm)
  2256 | D:3      | Noticed Natasha
  2257 | D:3      | Noticed an ogre
  2260 | D:3      | Noticed an ogre
  2267 | D:2      | Killed Natasha
  2577 | D:3      | Found a shadowy altar of Dithmenos.
  2579 | D:3      | Found a broken altar of Ashenzari.
  2854 | D:2      | Noticed Natasha
  2861 | D:2      | Killed Natasha
  2861 | D:2      | Reached XP level 5. HP: 13/31 MP: 9/9
  3224 | D:3      | Reached skill level 1 in Fighting
  3273 | D:3      | Noticed Robin
  3289 | D:3      | Killed Robin
  3332 | D:3      | HP: 1/33 [worm (10)]
  4021 | D:3      | Noticed Ijyb
  4029 | D:3      | Splashed by Ijyb's acid

Illustrated notes

Levels and vault maps discovered:
D:1:      lightli_iron_boxes, layout_basic, minivault_26,
          minmay_misc_feat_columns
D:2:      layout_rooms
D:3:      layout_loops_ring, chequers_temple_overflow_statue_of_worship,
          cheibrodos_sewer_entry_sluice, gammafunk_ghost_smash, uniq_robin,
          uniq_ijyb, uniq_natasha

Skill      XL: |  1  2  3  4  5 |
---------------+----------------+-----
Conjurations   | 2 |  2.4
Fire Magic     | 4 |  4.5
Fighting       | 1 |  1.7
Dodging        | |  2.8
Stealth        | |  2.6
Spellcasting   | |  2.8

Action                   |  1- 3 |  4- 6 || total
-------------------------+-------+-------++-------
Melee: Dagger            |    14 |    57 ||    71
       Tentacles         |     5 |    12 ||    17
       Constrict         |     5 |    16 ||    21
 Cast: Foxfire           |    62 |    38 ||   100
       Conjure Flame     |       |     1 ||     1
  Use: Scroll            |       |     9 ||     9
Armor: Skin              |     4 |       ||     4
Dodge: Dodged            |    19 |    61 ||    80

Table legend: (Time is in decaauts)
 A = Elapsed time spent in this place.
 B = Non-inter-level travel time spent in this place.
 C = Inter-level travel time spent in this place.
 D = Time resting spent in this place.
 E = Time spent auto-exploring this place.
 F = Levels seen in this place.
 G = Mean time per level.
                   A        B        C        D        E       F      G
               +--------+--------+--------+--------+--------+-----+--------+
         Total |   4030 |   3999 |     31 |   1527 |   1876 |   3 | 1343.3 |
       Dungeon |   4030 |   3999 |     31 |   1527 |   1876 |   3 | 1343.3 |
               +--------+--------+--------+--------+--------+-----+--------+

Top non-repeatable levels by time:
     D:2: 2028 daAuts
     D:1: 1036 daAuts
     D:3: 965 daAuts
